[Event "December 12 Early 2023"]
[Site "https://www.chess.com"]
[Date "2023.12.12"]
[Round "11"]
[White "Lopez Idarraga, Daniel Eduardo"]
[Black "Golubev, Mikhail"]
[Result "1-0"]
[Board "85"]
[TimeControl "180+1"]
[WhiteFideId "4405501"]
[BlackFideId "14100983"]
[WhiteElo "2460"]
[BlackElo "2625"]
[WhiteTeam "COL"]
[BlackTeam "UKR"]
[WhiteClock "0:00:47"]
[BlackClock "0:00:00"]

1. e4 c5 2. Nc3 Nc6 3. Bb5 Nd4 4. Nf3 a6 5. Bd3 Nxf3+ 6. Qxf3 g6 7. Bc4 e6 8. d3 b5 9. Bb3 Bb7 10. h4 Nf6 11. Bg5 Be7 12. Bh6 Rg8 13. O-O-O Qc7 14. Bg5 Nh5 15. g4 Bxg5+ 16. hxg5 Qf4+ 17. Qxf4 Nxf4 18. Rxh7 Ke7 19. Kd2 Rh8 20. Rdh1 Rxh7 21. Rxh7 Rf8 22. a4 b4 23. Ne2 Nxe2 24. Kxe2 e5 25. Ke3 a5 26. f4 exf4+ 27. Kxf4 d6 28. c3 Bc6 29. cxb4 axb4 30. a5 Bd7 31. a6 Be6 32. Bxe6 Kxe6 33. Rh1 Ra8 34. Ra1 Ra7 35. Ra5 Kd7 36. e5 Kc6 37. exd6 Kxd6 38. d4 c4 39. Ke4 Kc6 40. Rc5+ Kd6 41. Rxc4 Rxa6 42. Rxb4 Ra1 43. Rb6+ Ke7 44. Rb7+ Ke8 45. b4 Rg1 46. Kf4 Rb1 47. b5 Kf8 48. b6 Rb5 49. Ke4 Rxg5 50. Rc7 Rb5 51. b7 Kg7 52. g5 Rb1 53. d5 Re1+ 54. Kf3 Rb1 55. d6 Kf8 56. Rc8+ 1-0

[Event "December 12 Early 2023"]
[Site "https://www.chess.com"]
[Date "2023.12.12"]
[Round "11"]
[White "Mendez Fortes, Eduardo Jesus"]
[Black "Mizzi, Jack"]
[Result "0-1"]
[Board "86"]
[TimeControl "180+1"]
[WhiteFideId "3502376"]
[BlackFideId "5602521"]
[WhiteElo "2594"]
[BlackElo "2428"]
[WhiteTeam "CUB"]
[BlackTeam "MLT"]
[WhiteClock "0:02:13"]
[BlackClock "0:00:43"]

1. e4 c6 2. d4 d5 3. e5 Bf5 4. Nc3 e6 5. g4 Bg6 6. Nge2 c5 7. h4 h6 8. Nf4 Bh7 9. Bb5+ Nc6 10. g5 hxg5 11. hxg5 Bxc2 12. Qf3 Rxh1+ 13. Qxh1 cxd4 14. g6 dxc3 15. gxf7+ Kxf7 16. Qh5+ g6 17. Qh7+ Bg7 18. Nh3 cxb2 19. Bxb2 Nh6 20. Bc1 Qh8 21. Ng5+ Ke8 22. Qxh8+ Bxh8 23. Nxe6 Bxe5 24. Bxh6 Bf5 25. Rc1 Rc8 26. Nc5 a6 27. Nxa6 bxa6 28. Rxc6 axb5 29. Rb6 Bc3+ 30. Ke2 b4 31. Ra6 d4 32. f4 d3+ 33. Kd1 Bg4+ 0-1

[Event "December 12 Early 2023"]
[Site "https://www.chess.com"]
[Date "2023.12.12"]
[Round "11"]
[White "Janaszak, Dawid"]
[Black "Zivic, Dragan"]
[Result "0-1"]
[Board "87"]
[TimeControl "180+1"]
[WhiteFideId "1119206"]
[BlackFideId "904740"]
[WhiteElo "2577"]
[BlackElo "2408"]
[WhiteTeam "POL"]
[BlackTeam "SRB"]
[WhiteClock "0:00:12"]
[BlackClock "0:00:17"]

1. c4 e5 2. Nc3 Nf6 3. g4 Nxg4 4. e4 Nf6 5. f4 d6 6. Nf3 Bg4 7. Be2 Nc6 8. f5 Nh5 9. O-O Nf4 10. Nd5 Nxe2+ 11. Qxe2 Nd4 12. Qg2 Bxf3 13. Rxf3 Nxf3+ 14. Qxf3 c6 15. Nc3 Be7 16. d3 Bg5 17. Kh1 Bxc1 18. Rxc1 g6 19. Rf1 Qe7 20. Qh3 Kd8 21. Nd1 Kc7 22. Ne3 h5 23. b4 g5 24. f6 Qe6 25. Qf3 g4 26. Qd1 Rag8 27. Qa4 Kb8 28. b5 c5 29. Nf5 h4 30. b6 a6 31. Kg2 Rg6 32. Ng7 Qc8 33. Rf5 Rhh6 34. Ne8 Qe6 35. Nxd6 Rxf6 36. Rg5 Rh8 37. Nf5 Qxb6 38. Rxg4 h3+ 39. Kf3 Qb1 40. Kf2 Qxd3 41. Rg3 Qxe4 42. Re3 Qxf5+ 43. Ke2 Qf1+ 44. Kd2 Rd8+ 0-1

[Event "December 12 Early 2023"]
[Site "https://www.chess.com"]
[Date "2023.12.12"]
[Round "11"]
[White "Begunov, Konstantin"]
[Black "Espinoza Villanueva, Rodrigo"]
[Result "1-0"]
[Board "88"]
[TimeControl "180+1"]
[WhiteFideId "4118510"]
[BlackFideId "5140188"]
[WhiteElo "2418"]
[BlackElo "2575"]
[WhiteTeam "RUS"]
[BlackTeam "MEX"]
[WhiteClock "0:00:02"]
[BlackClock "0:00:00"]

1. d4 Nf6 2. c4 g6 3. f3 Bg7 4. e4 d6 5. Nc3 O-O 6. Be3 a6 7. Qd2 c6 8. Bd3 b5 9. b3 Nbd7 10. Nge2 e5 11. d5 b4 12. Na4 c5 13. O-O Nh5 14. a3 a5 15. axb4 axb4 16. Nb2 Bb7 17. g4 Nf4 18. Nxf4 exf4 19. Bxf4 Ne5 20. Rxa8 Qxa8 21. Na4 Qa5 22. Be2 Ra8 23. Bh6 Bxh6 24. Qxh6 Qd8 25. f4 Nd7 26. g5 Qe7 27. Bd3 Nf8 28. h4 Ra6 29. h5 Bc8 30. hxg6 fxg6 31. e5 Bd7 32. e6 Bxa4 33. bxa4 Ra7 34. f5 gxf5 35. Rxf5 Qg7 36. Qf6 Re7 37. Bc2 Ng6 38. Rf3 Ne5 39. Rh3 Ng6 40. a5 Re8 41. Rh6 Rf8 42. Qxg7+ Kxg7 43. Bxg6 hxg6 44. Rh2 Ra8 45. Re2 Kf8 46. Rf2+ Ke8 47. Rf7 Rxa5 48. Rb7 Ra3 49. Rb6 Rc3 50. Rxd6 Rxc4 51. Rb6 Rg4+ 52. Kf2 Re4 53. Kf3 Re5 54. Kf4 Rxd5 55. Ke4 Rxg5 56. Rb7 Rf5 57. Rc7 c4 58. Rxc4 Rb5 59. Rc2 Ke7 60. Rg2 g5 61. Kd4 Kxe6 62. Kc4 1-0

[Event "December 12 Early 2023"]
[Site "https://www.chess.com"]
[Date "2023.12.12"]
[Round "11"]
[White "Barath1308"]
[Black "Kotlyar, Kirill"]
[Result "1-0"]
[Board "89"]
[TimeControl "180+1"]
[BlackFideId "24145599"]
[WhiteElo "2401"]
[BlackElo "2539"]
[BlackTeam "RUS"]
[WhiteClock "0:01:10"]
[BlackClock "0:00:52"]

1. d4 Nf6 2. Nf3 g6 3. c4 Bg7 4. g3 O-O 5. Bg2 c6 6. O-O d5 7. cxd5 cxd5 8. Nc3 Ne4 9. Ne5 Nd7 10. Nxd5 Nd6 11. Bg5 f6 12. Nxd7 Bxd7 13. Bf4 Bc6 14. Qb3 Kh8 15. Rfd1 Rc8 16. Qa3 a6 17. Nxe7 Bxg2 18. Qxd6 Qxd6 19. Bxd6 Rcd8 20. Nxg6+ hxg6 21. Bxf8 Bxf8 22. Kxg2 Kg8 23. Rac1 Rd7 24. Rc8 Kf7 25. e4 Be7 26. f4 Ke6 27. d5+ Kd6 28. Kf3 Bd8 29. h4 Bb6 30. Rh1 Rh7 31. g4 Kd7 32. Rc2 Kd6 33. Rch2 Bd8 34. h5 g5 35. fxg5 fxg5 36. Ke3 Bf6 37. Rf2 Be5 38. Rf5 Rc7 39. h6 Rc2 40. Rxe5 Kxe5 41. h7 Rc8 42. h8=Q+ Rxh8 43. Rxh8 1-0

[Event "December 12 Early 2023"]
[Site "https://www.chess.com"]
[Date "2023.12.12"]
[Round "11"]
[White "Skaric, Djuro"]
[Black "Asish Panda"]
[Result "0-1"]
[Board "90"]
[TimeControl "180+1"]
[WhiteFideId "934569"]
[BlackFideId "45012458"]
[WhiteElo "2398"]
[BlackElo "2532"]
[WhiteTeam "SRB"]
[BlackTeam "IND"]
[WhiteClock "0:01:30"]
[BlackClock "0:00:56"]

1. g3 d5 2. Bg2 Nf6 3. d3 e5 4. Nf3 Bd6 5. O-O O-O 6. Nc3 c5 7. e4 Be6 8. Nd2 d4 9. Ne2 b5 10. h3 Nfd7 11. f4 f6 12. f5 Bf7 13. g4 a5 14. Rf2 c4 15. Bf1 Nc6 16. Rg2 cxd3 17. cxd3 Nb4 18. Nf3 Bxa2 19. Rxa2 Nxa2 20. Qb3+ Kh8 21. Qxa2 Nc5 22. Ng3 a4 23. Qd5 Rc8 24. g5 Be7 25. gxf6 gxf6 26. Bd2 Qxd5 27. exd5 Nb3 28. Bh6 Rg8 29. Ne4 Rxg2+ 30. Kxg2 Rc2+ 31. Kg3 Rxb2 32. d6 Bd8 33. Nfg5 fxg5 34. f6 Kg8 35. Bg2 Rxg2+ 36. Kxg2 a3 37. Nxg5 Bxf6 38. Ne4 Bd8 39. Bg5 Bxg5 0-1

[Event "December 12 Early 2023"]
[Site "https://www.chess.com"]
[Date "2023.12.12"]
[Round "11"]
[White "Storn, Justin"]
[Black "Parfenov, Viktor N."]
[Result "0-1"]
[Board "91"]
[TimeControl "180+1"]
[WhiteFideId "30922720"]
[BlackFideId "4165969"]
[WhiteElo "2354"]
[BlackElo "2507"]
[WhiteTeam "USA"]
[BlackTeam "RUS"]
[WhiteClock "0:00:17"]
[BlackClock "0:01:20"]

1. Nf3 d5 2. g3 Nc6 3. Bg2 e5 4. d3 Nf6 5. Nbd2 e4 6. dxe4 dxe4 7. Ng5 e3 8. fxe3 Ng4 9. Nxf7 Kxf7 10. O-O+ Ke8 11. Rf3 Bc5 12. Kh1 Nxe3 13. Qg1 Qe7 14. Ne4 Nxg2 15. Nxc5 Ne1 16. Re3 Ne5 17. Nd3 N1xd3 18. exd3 Bd7 19. Qe1 Bc6+ 20. Kg1 Nf3+ 21. Kf2 Nxe1 22. Rxe7+ Kxe7 23. Kxe1 Rhf8 24. Bg5+ Kd7 0-1

[Event "December 12 Early 2023"]
[Site "https://www.chess.com"]
[Date "2023.12.12"]
[Round "11"]
[White "Tuleyeva-Aketayeva, Dana"]
[Black "Turzo, Attila"]
[Result "0-1"]
[Board "92"]
[TimeControl "180+1"]
[WhiteFideId "13701932"]
[BlackFideId "704954"]
[WhiteElo "2331"]
[BlackElo "2476"]
[WhiteTeam "KAZ"]
[BlackTeam "HUN"]
[WhiteClock "0:00:00"]
[BlackClock "0:00:09"]

1. d4 d5 2. Nf3 c6 3. g3 Bf5 4. Bg2 e6 5. O-O Nf6 6. c4 Nbd7 7. Nc3 h6 8. Nd2 Bb4 9. e4 dxe4 10. Ndxe4 O-O 11. Qb3 Bxc3 12. Nxc3 Qb6 13. d5 cxd5 14. cxd5 exd5 15. Nxd5 Nxd5 16. Bxd5 Nc5 17. Qxb6 axb6 18. Be3 Rfd8 19. Bg2 Rd7 20. a3 Rad8 21. b4 Nb3 22. Bxb6 Nxa1 23. Bxd8 Nc2 24. Bb6 Nxa3 25. Rc1 Nc2 26. h3 Nxb4 27. g4 Bc2 28. Kh2 Rd1 29. Rxd1 Bxd1 30. Bxb7 Bb3 31. Bg2 Nd3 32. Be3 g5 33. Kg1 Kg7 34. Kh2 Bc4 35. Kg1 f6 36. Kh2 Ne5 37. Kg3 Kg6 38. Be4+ Kg7 39. f4 Nf7 40. f5 Nd6 41. Bf3 Bf7 42. Kg2 Nc4 43. Bf2 Ne5 44. Kg3 Bc4 45. Bd4 Kf7 46. Bf2 Kg7 47. Bd4 Bd3 48. Bf2 Bf1 49. Bg2 Bxg2 50. Kxg2 h5 51. Bd4 hxg4 52. Bxe5 gxh3+ 53. Kxh3 fxe5 54. Kg3 Kf6 55. Kg4 e4 56. Kg3 Kxf5 57. Kf2 Kf4 58. Kg2 g4 59. Kf2 g3+ 60. Kg2 Kg4 61. Kg1 Kf3 62. Kh1 e3 63. Kg1 e2 0-1

[Event "December 12 Early 2023"]
[Site "https://www.chess.com"]
[Date "2023.12.12"]
[Round "11"]
[White "IranianCheetah"]
[Black "Shukhman, Anna"]
[Result "0-1"]
[Board "93"]
[TimeControl "180+1"]
[BlackFideId "54180058"]
[WhiteElo "2350"]
[BlackElo "2475"]
[BlackTeam "FID"]
[WhiteClock "0:00:03"]
[BlackClock "0:00:16"]

1. e4 Nf6 2. e5 Nd5 3. d4 d6 4. c4 Nb6 5. f4 dxe5 6. fxe5 Bf5 7. Nc3 e6 8. Be3 Nc6 9. Nf3 Bb4 10. Be2 O-O 11. O-O Bxc3 12. bxc3 Na5 13. Nd2 c5 14. Rxf5 exf5 15. d5 Re8 16. Bf4 g5 17. Bg3 f4 18. Bf2 Rxe5 19. Bxc5 Qe8 20. Bd3 Nxd5 21. cxd5 Rxd5 22. Ne4 Qe5 23. Bd4 Rxd4 24. cxd4 Qxd4+ 25. Nf2 Rd8 26. Rb1 h6 27. Qh5 Kg7 28. h4 Rd5 29. hxg5 Rxg5 30. Qh4 Nc6 31. Rxb7 Ne5 32. Be4 f3 33. Rb1 Rxg2+ 34. Kh1 Qxf2 35. Rc1 Qxh4# 0-1

[Event "December 12 Early 2023"]
[Site "https://www.chess.com"]
[Date "2023.12.12"]
[Round "11"]
[White "Sailer, Mike"]
[Black "Lehtosaari, Mauri"]
[Result "0-1"]
[Board "94"]
[TimeControl "180+1"]
[WhiteFideId "2012901"]
[BlackFideId "501999"]
[WhiteElo "2092"]
[BlackElo "2474"]
[WhiteTeam "USA"]
[BlackTeam "FIN"]
[WhiteClock "0:00:03"]
[BlackClock "0:00:09"]

1. d4 d5 2. Bf4 c5 3. e3 Nc6 4. Nc3 cxd4 5. exd4 a6 6. Nf3 Bg4 7. Be2 e6 8. O-O Nf6 9. h3 Bxf3 10. Bxf3 Bd6 11. Bg5 O-O 12. Ne2 b5 13. c3 Rb8 14. a3 a5 15. Nc1 b4 16. cxb4 axb4 17. a4 Bc7 18. Nb3 Rc8 19. Re1 h6 20. Be3 Ne7 21. Nc5 Nf5 22. Qb3 Qd6 23. g3 Nxg3 24. fxg3 Qxg3+ 25. Bg2 Qh2+ 26. Kf1 Nh5 27. Bf2 Qf4 28. Qf3 Qg5 29. Rad1 Bg3 30. Nd7 Bxf2 31. Kxf2 Rfd8 32. Ne5 Rc2+ 33. Re2 Rxe2+ 34. Qxe2 Nf4 35. Qf3 f6 36. Ng4 Rc8 37. Rd2 Qh4+ 38. Kg1 Rc1+ 39. Rd1 Rxd1+ 40. Qxd1 Qg3 41. Qd2 Nxh3+ 42. Kh1 Nf4 43. Ne3 h5 44. Kg1 h4 45. Qf2 Nh3+ 46. Kf1 Qxf2# 0-1

[Event "December 12 Early 2023"]
[Site "https://www.chess.com"]
[Date "2023.12.12"]
[Round "11"]
[White "Monpeurt, Cyrielle"]
[Black "Omariev, Maksim"]
[Result "0-1"]
[Board "95"]
[TimeControl "180+1"]
[WhiteFideId "677400"]
[BlackFideId "4193423"]
[WhiteElo "2280"]
[BlackElo "2494"]
[WhiteTeam "FRA"]
[BlackTeam "RUS"]
[WhiteClock "0:00:00"]
[BlackClock "0:00:26"]

1. Nf3 d5 2. b3 Nf6 3. Bb2 c6 4. e3 Bf5 5. Bd3 Bxd3 6. cxd3 e6 7. Ne5 Nbd7 8. f4 Bd6 9. O-O O-O 10. Qf3 Ne8 11. Qg3 f6 12. Nf3 Qe7 13. Nc3 Nc7 14. Ne2 Kh8 15. Qh3 Nc5 16. d4 Nd3 17. Bc3 a5 18. Ne1 Nxe1 19. Raxe1 a4 20. Ng3 axb3 21. axb3 Ra3 22. Rb1 Nb5 23. f5 e5 24. dxe5 fxe5 25. Nh5 Nxc3 26. dxc3 e4 27. Nf4 Kg8 28. Ne6 Rf6 29. Qg4 Rh6 30. h3 Ra2 31. f6 Rxf6 32. Rxf6 Qxf6 33. Rf1 Qe5 34. g3 h5 35. Qh4 Qxe6 36. Qxh5 Bxg3 37. Qg5 Qxh3 38. Qd8+ Kh7 0-1

[Event "December 12 Early 2023"]
[Site "https://www.chess.com"]
[Date "2023.12.12"]
[Round "11"]
[White "Leve, Nitai"]
[Black "Rangel, Daniel"]
[Result "0-1"]
[Board "96"]
[TimeControl "180+1"]
[WhiteFideId "2006898"]
[BlackFideId "2124475"]
[WhiteElo "2406"]
[BlackElo "2488"]
[WhiteTeam "USA"]
[BlackTeam "BRA"]
[WhiteClock "0:00:08"]
[BlackClock "0:00:06"]

1. e4 c5 2. Nf3 d6 3. d4 cxd4 4. Qxd4 Nf6 5. Bg5 Bd7 6. c4 e6 7. Nc3 Be7 8. Be2 Bc6 9. h3 Nbd7 10. O-O O-O 11. Rad1 a6 12. Qe3 Qb8 13. Bf4 Re8 14. Nd4 e5 15. Nxc6 bxc6 16. Bg5 Nc5 17. b3 Ne6 18. f4 Nxg5 19. fxg5 Nd7 20. Qf2 Qa7 21. Qxa7 Rxa7 22. h4 Nc5 23. Bg4 a5 24. Rf2 g6 25. Rdf1 Bf8 26. Rb1 h5 27. Bh3 Nd3 28. Rd2 Nf4 29. a3 Nxh3+ 30. gxh3 Rb8 31. b4 axb4 32. axb4 Ra3 33. Rc2 Be7 34. b5 cxb5 35. Nd5 Bd8 36. cxb5 Rxh3 37. b6 Bxb6+ 38. Rxb6 Rxb6 39. Nxb6 Rxh4 40. Re2 Rg4+ 41. Kf2 Rxg5 42. Nc4 Kg7 43. Nxd6 Rg4 44. Kf3 Rf4+ 45. Ke3 Rh4 46. Nc4 Rh3+ 47. Kd2 f6 48. Re1 Rh2+ 49. Kd3 Rh3+ 50. Kd2 g5 51. Rb1 g4 52. Nd6 Kg6 53. Nf5 Kg5 54. Rb8 Kf4 55. Nd6 Rh2+ 56. Ke1 g3 57. Rf8 Ke3 58. Nf5+ Kf3 59. Rxf6 Rh1+ 60. Kd2 g2 61. Nh4+ Kg3 62. Nxg2 Kxg2 63. Rf5 h4 64. Rxe5 h3 65. Rh5 h2 66. e5 Rf1 67. Kd3 h1=Q 68. Rxh1 Rxh1 69. Kd4 Re1 70. Kd5 Kf3 71. e6 Kf4 72. Kd6 Kf5 73. e7 Kf6 74. Kd7 Kf7 0-1

[Event "December 12 Early 2023"]
[Site "https://www.chess.com"]
[Date "2023.12.12"]
[Round "11"]
[White "Tay, Junior"]
[Black "Bach Ngoc Thuy Duong"]
[Result "0-1"]
[Board "97"]
[TimeControl "180+1"]
[WhiteFideId "5800439"]
[BlackFideId "12408956"]
[WhiteElo "2487"]
[BlackElo "2395"]
[WhiteTeam "SGP"]
[BlackTeam "VIE"]
[WhiteClock "0:00:12"]
[BlackClock "0:00:16"]

1. e4 c5 2. Nf3 d6 3. d4 cxd4 4. Qxd4 a6 5. Be3 Nc6 6. Qb6 Qxb6 7. Bxb6 Nf6 8. Nc3 Bg4 9. O-O-O Rc8 10. Kb1 g6 11. h3 Bxf3 12. gxf3 Bg7 13. f4 Nd7 14. Be3 Bxc3 15. bxc3 Na5 16. e5 dxe5 17. f5 gxf5 18. Bg2 Nc4 19. Bc1 Rc7 20. Bd5 Ndb6 21. Rhg1 Nxd5 22. Rxd5 e6 23. Rd3 f4 24. Rgd1 Ke7 25. f3 Rhc8 26. Rg1 Kf6 27. Rg4 Nb6 28. Bd2 Nd5 29. Be1 Ke7 30. Bh4+ Kf8 31. Rd2 f5 32. Rg5 Rg7 33. Rdg2 Rxg5 34. Bxg5 Nxc3+ 35. Kb2 Nd1+ 36. Kc1 Ne3 37. Bh6+ Kf7 38. Rg7+ Kf6 39. Rxb7 Rxc2+ 40. Kb1 Kg6 41. Bg7 Rc5 42. Bh8 Rb5+ 43. Kc1 Rxb7 0-1

[Event "December 12 Early 2023"]
[Site "https://www.chess.com"]
[Date "2023.12.12"]
[Round "11"]
[White "Balla, Tamas-Kristof"]
[Black "Shinkarev, M"]
[Result "0-1"]
[Board "98"]
[TimeControl "180+1"]
[WhiteFideId "1208497"]
[BlackFideId "4145348"]
[WhiteElo "2386"]
[BlackElo "2472"]
[WhiteTeam "ROU"]
[BlackTeam "RUS"]
[WhiteClock "0:01:44"]
[BlackClock "0:01:53"]

1. e4 e5 2. Nf3 d6 3. d4 Nd7 4. Nc3 c6 5. a4 Be7 6. Bc4 Ngf6 7. O-O O-O 8. b3 Nxe4 9. Nxe4 d5 10. Nxe5 Nxe5 11. dxe5 dxc4 12. Nd6 cxb3 13. cxb3 Be6 14. Bb2 Qb6 15. Nc4 Bxc4 16. bxc4 Qxb2 17. Rb1 Qxe5 18. Re1 Qf6 19. Rxb7 Bc5 20. Qc2 Rae8 21. Rd1 Re7 22. Rb3 Rfe8 23. h3 g6 24. Rf3 Re1+ 25. Rxe1 Rxe1+ 26. Kh2 Qd6+ 27. g3 Qd1 0-1

[Event "December 12 Early 2023"]
[Site "https://www.chess.com"]
[Date "2023.12.12"]
[Round "11"]
[White "Donchenko, Anatoly"]
[Black "Spichkin, Alexander"]
[Result "0-1"]
[Board "99"]
[TimeControl "180+1"]
[WhiteFideId "4106091"]
[BlackFideId "4144074"]
[WhiteElo "2370"]
[BlackElo "2470"]
[WhiteTeam "GER"]
[BlackTeam "RUS"]
[WhiteClock "0:00:00"]
[BlackClock "0:01:53"]

1. Nf3 f5 2. d4 Nf6 3. g3 e6 4. Bg2 Be7 5. c4 d6 6. O-O O-O 7. Nc3 a5 8. Qd3 Nc6 9. a3 e5 10. e4 Qe8 11. exf5 Qh5 12. dxe5 dxe5 13. Nd5 Bd8 14. Nh4 Nd4 15. Be3 c6 16. Nxf6+ Bxf6 17. Bxd4 exd4 18. Qf3 Qxf3 19. Nxf3 Bxf5 20. Rad1 Rad8 21. Rfe1 d3 22. b3 d2 23. Re2 Bc2 24. Rdxd2 Bxb3 25. c5 Bc3 26. Rd6 a4 27. Ng5 Bd4 28. Rxd8 Rxd8 29. Bh3 Bxc5 30. Be6+ Bxe6 31. Nxe6 Rd1+ 32. Kg2 Bxa3 33. Ra2 Rd3 34. Nf4 Rb3 35. Rd2 b5 36. Rd7 Bc5 37. Ne6 Rb2 38. Nxc5 a3 39. Ra7 a2 40. Ne6 h5 41. Rxg7+ Kh8 42. Ra7 b4 43. Nc5 Rc2 44. Nb3 Rc3 0-1

[Event "December 12 Early 2023"]
[Site "https://www.chess.com"]
[Date "2023.12.12"]
[Round "11"]
[White "Baches Garcia, Guillermo"]
[Black "Zhuk, Valeriy"]
[Result "1/2-1/2"]
[Board "100"]
[TimeControl "180+1"]
[WhiteFideId "2209764"]
[BlackFideId "24151254"]
[WhiteElo "2469"]
[BlackElo "2375"]
[WhiteTeam "ESP"]
[BlackTeam "RUS"]
[WhiteClock "0:00:09"]
[BlackClock "0:00:09"]

1. d4 d5 2. Nf3 Nf6 3. Bg5 Ne4 4. Bf4 c5 5. dxc5 Nc6 6. e3 f6 7. Nbd2 e5 8. Bg3 Nxd2 9. Qxd2 Bxc5 10. Be2 Be6 11. O-O O-O 12. Rfd1 Qb6 13. c3 Rfd8 14. b4 Bf8 15. a4 a5 16. b5 Na7 17. Rac1 Ba3 18. Ra1 Be7 19. Qb2 Nc8 20. Rac1 Nd6 21. Nd2 Rac8 22. Bf1 Nc4 23. Nxc4 dxc4 24. h3 Qc5 25. Be2 b6 26. Qc2 Bd5 27. Rd2 Bb7 28. Rcd1 Rxd2 29. Rxd2 g6 30. Rd7 Rc7 31. Qd2 Kg7 32. Bf1 Be4 33. h4 Bd3 34. Rxc7 Qxc7 35. f3 Bc5 36. Bf2 Qd6 37. e4 Bxf2+ 38. Kxf2 Qc5+ 39. Ke1 Bxf1 40. Kxf1 Qa3 41. Kg1 Qxa4 42. Qd5 Qa1+ 43. Kh2 Qxc3 44. Qb7+ Kh6 45. Qxb6 a4 46. Qxf6 a3 47. Qg5+ Kg7 48. Qe7+ Kh6 49. Qg5+ Kg7 50. Qe7+ Kh6 51. Qg5+ 1/2-1/2

[Event "December 12 Early 2023"]
[Site "https://www.chess.com"]
[Date "2023.12.12"]
[Round "11"]
[White "Kolmagorov, Alexey"]
[Black "Dmitrenko, Viktor"]
[Result "0-1"]
[Board "101"]
[TimeControl "180+1"]
[WhiteFideId "34129402"]
[BlackFideId "14110270"]
[WhiteElo "2368"]
[BlackElo "2442"]
[WhiteTeam "RUS"]
[BlackTeam "UKR"]
[WhiteClock "0:00:00"]
[BlackClock "0:00:10"]

1. d4 Nf6 2. c4 e6 3. g3 c5 4. d5 exd5 5. cxd5 d6 6. Nc3 g6 7. Bg2 Bg7 8. Nf3 O-O 9. O-O a6 10. a4 Re8 11. Re1 Ne4 12. Nxe4 Rxe4 13. Qc2 Bf5 14. Bh3 Rf4 15. e4 Rxf3 16. exf5 Bd4 17. Re2 Nd7 18. Ra3 Rxa3 19. bxa3 Ne5 20. Bg2 b5 21. Bb2 Qf6 22. Bxd4 cxd4 23. Be4 Rd8 24. axb5 axb5 25. h3 Ra8 26. f4 d3 27. Bxd3 Nf3+ 28. Kg2 Nd4 29. Qc3 Kg7 30. Re4 Nxf5 31. Qxf6+ Kxf6 32. Rb4 Rxa3 33. Bxb5 Ne3+ 34. Kf2 Nxd5 35. Rb2 Nc3 36. Bd7 Ne4+ 37. Kg1 Nxg3 38. Kh2 Ne4 39. Bc6 Nc5 40. Rd2 Ke7 41. Bd5 Ne6 42. Re2 Kf6 43. Bc4 Nxf4 44. Rf2 Ke5 45. h4 f6 46. Bg8 Rh3+ 47. Kg1 Rxh4 0-1

[Event "December 12 Early 2023"]
[Site "https://www.chess.com"]
[Date "2023.12.12"]
[Round "11"]
[White "Khromkin, Andrey"]
[Black "NovakRatko"]
[Result "1-0"]
[Board "102"]
[TimeControl "180+1"]
[WhiteFideId "4154126"]
[WhiteElo "2440"]
[BlackElo "2365"]
[WhiteTeam "RUS"]
[WhiteClock "0:00:29"]
[BlackClock "0:00:16"]

1. d4 d5 2. c4 c5 3. cxd5 Qxd5 4. Nf3 cxd4 5. Nc3 Qa5 6. Nxd4 e5 7. Nb3 Qc7 8. g3 Bb4 9. Bd2 Nf6 10. Bg2 O-O 11. O-O Rd8 12. Qc1 Nc6 13. a3 Be6 14. axb4 Bxb3 15. Bg5 Nd4 16. Bxf6 gxf6 17. Qh6 f5 18. Qg5+ Kh8 19. e3 Ne6 20. Qxf5 Ng7 21. Qh3 Be6 22. Qh4 Rd2 23. Ne4 Rxb2 24. Nf6 Bf5 25. Be4 Bxe4 26. Qxe4 Nf5 27. Qxf5 Kg7 28. Nh5+ Kf8 29. Qf6 Rc8 30. Rad1 Rxb4 31. Rd5 Rb6 32. Qg7+ Ke7 33. Rxe5+ Re6 34. Qf6+ Ke8 35. Ng7+ 1-0

[Event "December 12 Early 2023"]
[Site "https://www.chess.com"]
[Date "2023.12.12"]
[Round "11"]
[White "La Villa Rivas, Marlon Javier"]
[Black "Aalto, Patrik"]
[Result "1/2-1/2"]
[Board "103"]
[TimeControl "180+1"]
[WhiteFideId "3519546"]
[BlackFideId "510726"]
[WhiteElo "2358"]
[BlackElo "2438"]
[WhiteTeam "CUB"]
[BlackTeam "FIN"]
[WhiteClock "0:00:14"]
[BlackClock "0:00:05"]

1. e4 c5 2. Nf3 e6 3. d4 cxd4 4. Nxd4 Nc6 5. Nc3 Qc7 6. Be2 a6 7. Be3 Nf6 8. O-O Be7 9. f4 d6 10. Kh1 O-O 11. Qe1 Nxd4 12. Bxd4 b5 13. e5 dxe5 14. Bxe5 Qb6 15. Bd3 Bb7 16. Qh4 h6 17. Rae1 b4 18. Ne2 Qc6 19. Qh3 Nd5 20. Nd4 Qd7 21. f5 exf5 22. Bxf5 Qd8 23. Qg3 Bf6 24. Bd3 Bxe5 25. Rxe5 Qc7 26. Nf5 g6 27. Nxh6+ Kg7 28. Nf5+ Kg8 29. Qh4 Qxe5 30. Re1 Qf6 31. Nh6+ Kg7 32. Qh3 Rh8 33. Qd7 Rxh6 34. Qxb7 Rah8 35. h3 Rxh3+ 36. gxh3 Rxh3+ 37. Kg1 Qg5+ 38. Kf1 Rf3+ 39. Ke2 Re3+ 40. Kd1 Qg4+ 41. Be2 Rxe2 42. Rxe2 Nf4 43. Qxa6 Nxe2 44. Qxe2 Qd4+ 45. Kc1 Qg1+ 46. Kd2 Qd4+ 47. Kc1 Qg1+ 48. Qd1 Qxd1+ 49. Kxd1 g5 50. a4 bxa3 51. bxa3 Kf6 52. Ke2 Ke5 53. Kf3 Kd5 54. Kg4 f6 55. Kf5 Kc5 56. c3 Kc4 57. a4 Kc5 58. Kg4 Kc4 59. Kf5 Kc5 60. Ke4 Kb6 61. c4 Kc5 62. a5 g4 63. Kf4 f5 64. Kg3 Kc6 65. Kf4 Kc5 66. Kg3 Kc6 67. Kh4 Kc5 68. Kg3 1/2-1/2

[Event "December 12 Early 2023"]
[Site "https://www.chess.com"]
[Date "2023.12.12"]
[Round "11"]
[White "Garrido, Denis"]
[Black "Koridze, Lile"]
[Result "1-0"]
[Board "104"]
[TimeControl "180+1"]
[WhiteFideId "601217"]
[BlackFideId "13612514"]
[WhiteElo "2428"]
[BlackElo "2358"]
[WhiteTeam "FRA"]
[BlackTeam "GEO"]
[WhiteClock "0:01:12"]
[BlackClock "0:01:17"]

1. d4 Nf6 2. c4 e6 3. Nc3 Bb4 4. e3 O-O 5. Bd3 d5 6. cxd5 exd5 7. Ne2 c5 8. O-O Nc6 9. a3 cxd4 10. axb4 dxc3 11. b5 cxb2 12. Bxb2 Nb8 13. Nf4 Nbd7 14. Bc2 Nb6 15. Qd3 Re8 16. Rfd1 h6 17. Nh5 Nxh5 18. Qh7+ Kf8 19. Ba3+ Re7 20. Qh8# 1-0

[Event "December 12 Early 2023"]
[Site "https://www.chess.com"]
[Date "2023.12.12"]
[Round "11"]
[White "Pourkashiyan, Atousa"]
[Black "Silvestre, Christian"]
[Result "1-0"]
[Board "105"]
[TimeControl "180+1"]
[WhiteFideId "12502014"]
[BlackFideId "30956269"]
[WhiteElo "2427"]
[BlackElo "2339"]
[WhiteTeam "USA"]
[BlackTeam "USA"]
[WhiteClock "0:01:27"]
[BlackClock "0:00:45"]

1. e4 c5 2. Nf3 a6 3. c3 Nf6 4. e5 Nd5 5. d4 cxd4 6. cxd4 e6 7. Nc3 d6 8. Bc4 dxe5 9. dxe5 Nxc3 10. Qxd8+ Kxd8 11. bxc3 b5 12. Be2 Be7 13. Be3 Kc7 14. Ng5 Bxg5 15. Bxg5 Bb7 16. Be7 Nc6 17. Bd6+ Kb6 18. a4 Rhd8 19. O-O f6 20. axb5 Nxe5 21. Bxe5 fxe5 22. bxa6 Bc6 23. a7 Rd7 24. Rfb1+ Kc5 25. Ra5+ Kd6 26. Rba1 e4 27. h4 Rc7 28. Kh2 Bd5 29. Ra6+ Rc6 30. c4 Rxa6 31. Rxa6+ Bc6 32. Kg3 Kc7 33. Kf4 Rf8+ 34. Ke3 Ra8 35. Bg4 e5 36. Be6 Kb7 37. Rxc6 Kxc6 38. Bd5+ Kb6 39. Bxa8 Kxa7 40. Bxe4 Kb6 41. Bxh7 Kc5 42. Bd3 Kd6 43. Ke4 Kc5 44. Kxe5 1-0

[Event "December 12 Early 2023"]
[Site "https://www.chess.com"]
[Date "2023.12.12"]
[Round "11"]
[White "Goldin, Roman"]
[Black "Ernst, Luca"]
[Result "1-0"]
[Board "106"]
[TimeControl "180+1"]
[WhiteFideId "2803860"]
[BlackFideId "45117055"]
[WhiteElo "2426"]
[BlackElo "2329"]
[WhiteTeam "ISR"]
[BlackTeam "FRA"]
[WhiteClock "0:00:13"]
[BlackClock "0:00:00"]

1. e4 c5 2. Nf3 d6 3. Bc4 Nc6 4. O-O Nf6 5. d3 Bg4 6. a3 g6 7. Nbd2 Bg7 8. Ba2 O-O 9. c3 e5 10. Re1 Re8 11. Nf1 Qc7 12. Ne3 Be6 13. Nd5 Bxd5 14. exd5 Nb8 15. Ng5 Nbd7 16. Ne4 Nxe4 17. dxe4 Rf8 18. Be3 Qd8 19. f3 Qe7 20. b4 Rac8 21. Qd3 f5 22. Rab1 f4 23. Bf2 b6 24. a4 Bf6 25. a5 Bh4 26. g3 fxg3 27. hxg3 Bg5 28. Kg2 Kg7 29. Bc4 Rf6 30. Qf1 Qf7 31. Be2 h5 32. Qh1 Rh8 33. Qh3 Qe7 34. axb6 axb6 35. bxc5 bxc5 36. Rb7 Rf7 37. Reb1 Qd8 38. Ra7 Qc8 39. Rbb7 Rd8 40. Bb5 1-0